 Dungeon Crawl Stone Soup version 0.20-a0-820-g557356e (webtiles) character file.

613 Laan the Changer (level 7, -2/72 HPs)
             Began as a Merfolk Transmuter on Mar 4, 2017.
             Slain by a hornet zombie (6 damage)
             ... on level 5 of the Dungeon.
             The game lasted 00:09:31 (3702 turns).

Laan the Changer (Merfolk Transmuter)               Turns: 3702, Time: 00:09:32

Health: -2/72      AC: 23    Str: 16    XL:     7   Next: 44%
Magic:  11/12      EV:  2    Int: 20    God:
Gold:   221        SH:  0    Dex: 14    Spells: 7/13 levels left

rFire    . . .     SeeInvis .     - Unarmed
rCold    . . .     Gourm    .   (armour currently unavailable)
rNeg     + + +     Faith    .   (no shield)
rPois    +         Spirit   .   (helmet currently unavailable)
rElec    .         Reflect  .   (cloak currently unavailable)
rCorr    .         Harm     .   (gloves currently unavailable)
MR       .....     NoTele   +   (boots currently unavailable)
Stlth    +.........             b - amulet of magic regeneration
Regen    0.3/turn               u - +4 ring of intelligence
MPRegen  0.2/turn               y - +2 ring of intelligence

@: mighty, tree-form
A: (change form in water), (swift swim), (stealthy swim)
a: no special abilities


You were on level 5 of the Dungeon.
You were not hungry.
You were a tree.
You visited 1 branch of the dungeon, and saw 5 of its levels.

You collected 221 gold pieces.

Inventory:

Missiles
 a - 5 arrows
Armour
 k - a +0 cloak (melded)
 v - a +1 robe of resistance (melded)
Jewellery
 b - an amulet of magic regeneration (around neck)
 p - an uncursed ring of protection from cold
 t - an uncursed amulet of magic regeneration
 u - a +4 ring of intelligence (right branch)
 y - a +2 ring of intelligence (left branch)
Scrolls
 f - 2 scrolls of magic mapping
 g - a scroll of identify
 i - a scroll of teleportation {unknown}
 l - 2 scrolls of fog {unknown}
 n - a scroll of amnesia {unknown}
 s - 2 scrolls of enchant weapon
 B - a scroll of remove curse {unknown}
Potions
 e - 2 potions of might
 h - a potion of lignification
 j - 2 potions of curing {unknown}
 o - a potion of flight {unknown}
 q - 2 potions of mutation {unknown}
 r - a potion of invisibility {unknown}
 w - a potion of resistance {unknown}
 z - a potion of heal wounds {unknown}
 A - a potion of agility {unknown}
Books
 c - a book of Changes

   Spells                             Type                      Level
   a - Beastly Appendage              Transmutation                1
   b - Sticks to Snakes               Transmutation                2
   c - Spider Form                    Transmutation/Poison         3
   d - Ice Form                       Ice/Transmutation            4
   e - Blade Hands                    Transmutation                5
Comestibles
 d - 2 bread rations
 m - a meat ration
 x - 2 royal jellies
 C - 3 chunks of flesh


   Skills:
 - Level 1.1 Fighting
 - Level 2.6 Dodging
 - Level 5.3 Unarmed Combat
 + Level 3.8 Spellcasting
 * Level 7.8 Transmutations


You had 7 spell levels left.
You knew the following spells:

 Your Spells              Type           Power        Failure   Level  Hunger
a - Beastly Appendage     Tmut           #####.       1%          1    None
b - Sticks to Snakes      Tmut           #####...     1%          2    ##.....
c - Spider Form           Tmut/Pois      ###.......   10%         3    ###....


Dungeon Overview and Level Annotations

Branches:
Dungeon (5/15)
 Temple: D:4-7

Altars:
Ashenzari
Dithmenos
Fedhas
Gozag
Nemelex Xobeh
Qazlal
Ru
Uskayaw
Vehumet
Xom
The Shining One


Message History

The hornet zombie is heavily damaged.
Your transformation is almost over.
The hornet zombie hits you!
* * * LOW HITPOINT WARNING * * *
You hit the hornet zombie.
The hornet zombie is severely damaged.
The hornet zombie closely misses you.
It was a potion of might.
You feel very mighty all of a sudden. The hornet zombie misses you.
It was a potion of lignification.
Your transformation has ended.
Your +0 cloak unmelds from your body.
Your +1 robe of resistance unmelds from your body.
You feel resistant to extremes of temperature.
You turn into a tree.
Your +0 cloak melds into your body.
Your +1 robe of resistance melds into your body.
You feel hot and cold all over.
Your roots penetrate the ground.
The hornet zombie hits you.
You die...

. .## ..# #.#
#.# #.#
#.#####.####.##
.......♣Z.$...#
#.####...###...
###...####.#
#..$<......#
#.#.#..##..#
#.#. ..... . )
.. .###..#
##.#. .# .#
#.#! .. #


You could see a hornet zombie.

Vanquished Creatures
  2 phantoms (D:4)
  A scorpion (D:4)
  The ghost of Mulkerokala the Caller, a weakling DESu (D:3)
  An orc priest (D:3)
  2 iguanas
  An orc wizard (D:3)
  A worker ant (D:4)
  6 adders
  An ooze (D:3)
  A worm zombie (D:4)
  2 dart slugs
  3 leopard geckos
  16 orcs
  A ball python (D:3)
  5 giant cockroaches
  9 goblins
  9 hobgoblins
  2 jackals (D:1)
  9 kobolds
  7 bats
  A frilled lizard (D:4)
  7 rats
88 creatures vanquished.

Vanquished Creatures (collateral kills)
  An orc priest (D:3)
  An orc wizard (D:3)
  4 adders
  5 orcs (D:3)
  A giant cockroach (D:3)
  A goblin (D:3)
  2 hobgoblins
15 creatures vanquished.

Grand Total: 103 creatures vanquished

Notes
Turn   | Place    | Note
-------+----------+-------------------------------------------
     0 | D:1      | Laan the Merfolk Transmuter began the quest for the Orb.
     0 | D:1      | Reached XP level 1. HP: 15/15 MP: 3/3
    15 | D:1      | Reached skill level 3 in Transmutations
    51 | D:1      | Reached XP level 2. HP: 14/21 MP: 3/5
   250 | D:1      | Learned a level 2 spell: Sticks to Snakes
   440 | D:1      | Reached XP level 3. HP: 23/26 MP: 4/6
   710 | D:2      | Reached skill level 4 in Transmutations
   925 | D:2      | Reached XP level 4. HP: 26/32 MP: 1/7
  1124 | D:2      | Found a shadowy altar of Dithmenos.
  1124 | D:2      | Found a stormy altar of Qazlal.
  1124 | D:2      | Found a glowing golden altar of the Shining One.
  1125 | D:2      | Found a radiant altar of Vehumet.
  1127 | D:2      | Found an opulent altar of Gozag.
  1128 | D:2      | Found a blossoming altar of Fedhas.
  1128 | D:2      | Found a sparkling altar of Nemelex Xobeh.
  1128 | D:2      | Found a hide-covered altar of Uskayaw.
  1489 | D:3      | Noticed Mulkerokala's ghost (weakling DESu)
  1500 | D:3      | Killed Mulkerokala's ghost
  1500 | D:3      | Reached skill level 5 in Transmutations
  1500 | D:3      | Reached XP level 5. HP: 26/37 MP: 6/8
  1728 | D:3      | Learned a level 3 spell: Spider Form
  1747 | D:3      | Found a shattered altar of Ashenzari.
  1983 | D:3      | Reached XP level 6. HP: 31/43 MP: 3/10
  1999 | D:3      | Reached skill level 5 in Unarmed Combat
  1999 | D:3      | Reached skill level 6 in Transmutations
  2270 | D:4      | Noticed a phantom
  2794 | D:4      | Noticed a phantom
  2830 | D:4      | Killed a phantom
  2830 | D:4      | Reached XP level 7. HP: 17/48 MP: 8/12
  3168 | D:4      | Reached skill level 7 in Transmutations
  3347 | D:4      | Found a shimmering altar of Xom.
  3398 | D:4      | Found a sacrificial altar of Ru.
  3677 | D:5      | Entered Level 5 of the Dungeon
  3699 | D:5      | HP: 2/48 [hornet zombie (12)]
  3702 | D:5      | Slain by a hornet zombie

Vault maps used:
D:1:      scummos_arrival_checkerplants, minmay_misc_feat_ornament
D:2:      grunt_temple_overflow_open
D:3:      evilmike_ruin_ashenzari, first_bread, nrook_mini_backslash,
          hangedman_decor_slide_cut
D:4:      xom_teletrap_fun, kennysheep_little_box, enter_ossuary_3
D:5:      minmay_temple_entry_statues_fountains

Skill      XL: |  1  2  3  4  5  6  7 |
---------------+----------------------+-----
Transmutations | 3 4 5 6 7 |  7.8
Unarmed Combat | 4 5 |  5.3
Spellcasting   | 3 |  3.8
Fighting       | |  1.1
Dodging        | |  2.6

Action                   |  1- 3 |  4- 6 |  7- 9 || total
-------------------------+-------+-------+-------++-------
Melee: Unarmed           |    99 |   173 |    75 ||   347
       Headbutt          |    13 |    16 |     6 ||    35
       Punch             |       |     1 |       ||     1
 Cast: Beastly Appendage |    21 |    23 |     8 ||    52
       Sticks to Snakes  |     2 |    14 |       ||    16
       Spider Form       |       |     2 |     2 ||     4
  Use: Scroll            |       |       |     3 ||     3
       Potion            |       |       |     2 ||     2
 Stab: Sleeping          |       |     4 |       ||     4
  Eat: Chunk             |     1 |     6 |       ||     7
       Fruit             |       |       |     8 ||     8
Armor: Robe              |    22 |    17 |     9 ||    48
       Skin              |       |       |     2 ||     2
Dodge: Dodged            |    74 |   121 |    44 ||   239
